 Dungeon Crawl Stone Soup version 0.21.1-1-g345015f (webtiles) character file.

81 inc the Magician (level 4, -1/27 HPs)
             Began as an Octopode Conjurer on June 11, 2018.
             Shot with an arrow by a centaur (7 damage)
             ... on level 3 of the Dungeon.
             The game lasted 00:02:14 (1821 turns).

inc the Magician (Octopode Conjurer)                Turns: 1821, Time: 00:02:14

Health: -1/27      AC:  1    Str:  7    XL:     4   Next: 40%
Magic:  6/10       EV: 13    Int: 18    God:
Gold:   182        SH:  0    Dex: 12    Spells: 5/11 levels left

rFire    . . .     SeeInvis .   k - +1 mace (protect)
rCold    . . .     Gourm    .   (no shield)
rNeg     . . .     Faith    .   (helmet restricted)
rPois    .         Spirit   .   j - amulet of magic regeneration
rElec    .         Reflect  .   (no ring)
rCorr    .         Harm     .   (no ring)
MR       .....                  (no ring)
Stlth    +++.......             (no ring)
HPRegen  0.09/turn              (no ring)
MPRegen  0.37/turn              (no ring)
                                (no ring)
                                (no ring)

@: no status effects
A: almost no armour, stealthy swim, amphibious, 8 rings, constrict 8, camouflage
1, gelatinous body 1
a: no special abilities


You were on level 3 of the Dungeon.
You were not hungry.

You visited 1 branch of the dungeon, and saw 3 of its levels.

You collected 182 gold pieces.

Inventory:

Hand Weapons
 e - a +0 dagger
 k - a +1 mace of protection (weapon)
Jewellery
 d - an uncursed amulet of rage
 j - an amulet of magic regeneration (around mantle)
Scrolls
 c - 3 scrolls of identify {unknown}
 g - 2 scrolls of random uselessness {unknown}
 h - a scroll of enchant armour {unknown}
 m - 4 scrolls of remove curse {unknown}
 n - a scroll of amnesia {unknown}
Potions
 f - a potion of lignification {unknown}
 i - a potion of might {unknown}
 l - a potion of resistance {unknown}
Books
 a - a book of Conjurations

   Spells                             Type                      Level
   a - Magic Dart                     Conjuration                  1
   b - Searing Ray                    Conjuration                  2
   c - Dazzling Spray                 Conjuration/Hexes            3
   d - Fulminant Prism                Conjuration/Hexes            4
   e - Force Lance                    Conjuration/Translocation    4
   f - Iskenderun's Mystic Blast      Conjuration                  4
Comestibles
 b - 6 rations


   Skills:
 - Level 2.0 Dodging
 - Level 2.6 Stealth
 + Level 4.2 Spellcasting
 - Level 4.0 Conjurations


You had 5 spell levels left.
You knew the following spells:

 Your Spells              Type           Power        Failure   Level  Hunger
a - Magic Dart            Conj           ###.         2%          1    None
b - Searing Ray           Conj           ###...       4%          2    ##.....
c - Dazzling Spray        Conj/Hex       ##....       19%         3    ###....


Dungeon Overview and Level Annotations

Branches:
Dungeon (3/15)

Altars:
Xom

Annotations:
D:2 1 runed door
D:3 inc's ghost, amateur OpCj


Innate Abilities, Weirdness & Mutations

You cannot wear most types of armour.
You are very stealthy in the water. (Stealth+)
You are amphibious.
You can wear up to eight rings at the same time.
You can use your tentacles to constrict eight enemies at once.
Your skin changes colour to match your surroundings (Stealth+).
Your rubbery body absorbs attacks. (AC +1, EV +1)


Message History

An ooze comes into view.
Casting: Magic Dart
Confirm with . or Enter, or press ? or * to list all spells.
Aiming: Magic Dart
Press: ? - help, Shift-Dir - straight line, f/p - centaur
Aim: a centaur, wielding a shortbow (lightly wounded)
The magic dart hits the hobgoblin.
The hobgoblin is almost dead.
The ooze quivers.
Casting: Magic Dart
Confirm with . or Enter, or press ? or * to list all spells.
Aiming: Magic Dart
Press: ? - help, Shift-Dir - straight line, f/p - centaur
Aim: a centaur, wielding a shortbow (lightly wounded)
The magic dart hits the hobgoblin.
You kill the hobgoblin!
The centaur shoots an arrow.
The arrow hits you!
* * * LOW HITPOINT WARNING * * *
The centaur shoots an arrow.
The arrow hits you!
You die...

..(.....#.........#
##.#.........####.#
#.####....### .# .
#.# #....######.###
.. ##.#
#.......>.....#...
...#
##)####.##...(?...
####
#.####.##.#......
#...J...(..c.....
....###.##@##.#..
## #.##.# #....†
####.## #.# #.# #?#
#.#


You could see a centaur and an ooze.

Vanquished Creatures
  2 adders (D:2)
  2 oozes
  A worm (D:3)
  2 leopard geckos
  A ball python (D:2)
  4 bats
  7 goblins
  11 hobgoblins
  2 kobolds
  3 quokkas (D:2)
  5 frilled lizards
  8 rats
48 creatures vanquished.

Notes
Turn   | Place    | Note
-------+----------+-------------------------------------------
     0 | D:1      | inc the Octopode Conjurer began the quest for the Orb.
     0 | D:1      | Reached XP level 1. HP: 11/11 MP: 3/3
   304 | D:1      | Reached XP level 2. HP: 17/17 MP: 1/5
   582 | D:1      | Found a shimmering altar of Xom.
   749 | D:1      | Reached XP level 3. HP: 20/21 MP: 7/7
   770 | D:1      | Learned a level 2 spell: Searing Ray
   774 | D:1      | Learned a level 3 spell: Dazzling Spray
  1202 | D:2      | Noticed a bullfrog
  1368 | D:2      | Reached XP level 4. HP: 25/27 MP: 0/9
  1561 | D:2      | Found a runed door.
  1686 | D:3      | Noticed inc's ghost (amateur OpCj)
  1817 | D:3      | Noticed a centaur
  1821 | D:3      | Shot with an arrow by a centaur

Skill      XL: |  1  2  3  4 |
---------------+-------------+-----
Spellcasting   | 3 4 |  4.2
Dodging        | |  2.0
Stealth        | |  2.6
Conjurations   | |  4.0

Action                   |  1- 3 |  4- 6 || total
-------------------------+-------+-------++-------
Melee: Dagger            |    48 |       ||    48
       Tentacles         |    12 |       ||    12
       Constrict         |     9 |       ||     9
 Cast: Magic Dart        |    47 |    41 ||    88
 Stab: Sleeping          |     4 |       ||     4
  Eat: Chunk             |     1 |     2 ||     3
Armor: Skin              |     4 |       ||     4
Dodge: Dodged            |    21 |       ||    21
